 Dungeon Crawl Stone Soup version 0.21.1-1-g345015f (webtiles) character file.

167 letownia2 the Changer (level 5, 0/37 HPs)
             Began as a Merfolk Transmuter on Mar 14, 2018.
             Slain by an orc
             ... wielding a +0 whip
              (5 damage)
             ... on level 4 of the Dungeon.
             The game lasted 00:05:21 (1010 turns).

letownia2 the Changer (Merfolk Transmuter)          Turns: 1010, Time: 00:05:22

Health: 0/37       AC:  2    Str: 10    XL:     5   Next: 48%
Magic:  1/8        EV: 20    Int: 14    God:
Gold:   102        SH:  0    Dex: 17    Spells: 2/8 levels left

rFire    . . .     SeeInvis +     - Unarmed
rCold    . . .     Gourm    .   (shield currently unavailable)
rNeg     . . .     Faith    +   (armour currently unavailable)
rPois    x         Spirit   .   (helmet currently unavailable)
rElec    .         Reflect  .   (cloak currently unavailable)
rCorr    .         Harm     .   (gloves currently unavailable)
MR       .....                  (boots currently unavailable)
Stlth    ++........             k - amulet of faith
HPRegen  0.12/turn              i - -2 ring of dexterity (curse)
MPRegen  0.11/turn              n - ring of see invisible

@: spider-form
A: tiny, (change form in water), (swift swim), (stealthy swim)
a: End Transformation


You were on level 4 of the Dungeon.
You were very hungry.
You were a venomous arachnid creature.
You visited 1 branch of the dungeon, and saw 5 of its levels.

You collected 102 gold pieces.

Inventory:

Missiles
 a - 30 arrows
Armour
 b - a +0 robe
 e - a +0 leather armour (melded)
 p - a +0 helmet (melded)
Jewellery
 i - a cursed -2 ring of dexterity (left front leg)
 j - a +3 ring of protection
 k - an amulet of faith (around neck)
 n - a ring of see invisible (right front leg)
 s - an uncursed amulet of guardian spirit
Wands
 l - a wand of iceblast (4)
 q - a wand of random effects (23)
Scrolls
 h - a scroll of teleportation {unknown}
 m - a scroll of identify {unknown}
Potions
 g - a potion of agility {unknown}
 r - a potion of curing {unknown}
Books
 c - a book of Changes

   Spells                             Type                      Level
   a - Beastly Appendage              Transmutation                1
   b - Sticks to Snakes               Transmutation                2
   c - Spider Form                    Transmutation/Poison         3
   d - Ice Form                       Ice/Transmutation            4
   e - Blade Hands                    Transmutation                5
 o - a book of Cantrips

   Spells                             Type                      Level
   a - Confusing Touch                Hexes                        1
   b - Animate Skeleton               Necromancy                   1
   c - Summon Small Mammal            Summoning                    1
   d - Apportation                    Translocation                1
Comestibles
 d - 5 rations


   Skills:
 - Level 1.1 Fighting
 - Level 2.6 Dodging
 - Level 4.6 Unarmed Combat
 - Level 2.0 Spellcasting
 + Level 5.7 Transmutations
 - Level 1.5 Poison Magic


You had 2 spell levels left.
You knew the following spells:

 Your Spells              Type           Power        Failure   Level  Hunger
a - Beastly Appendage     Tmut           ###...       9%          1    ##.....
l - Sticks to Snakes      Tmut           ###.....     11%         2    ###....
p - Spider Form           Tmut/Pois      ##........   34%         3    ####...


Dungeon Overview and Level Annotations

Branches:
Dungeon (5/15)
 Temple: D:4-7

Altars:
Qazlal


Message History

Your +0 leather armour unmelds from your body.
Found a stone staircase leading down.
There is a stone staircase leading up here.
You climb upwards.
Found 12 sling bullets.
There is a stone staircase leading down here.
Unknown command.
You climb downwards.
There is a stone staircase leading up here.
You are feeling very hungry.
An orc comes into view. It is wielding a whip.
The orc shouts!
There is a stone staircase leading down here.
Casting: Spider Form
Confirm with . or Enter, or press ? or * to list all spells.
You turn into a venomous arachnid creature.
Your +0 helmet melds into your body.
Your +0 leather armour melds into your body.
You hit the orc but do no damage. The orc hits you with a whip.
You die...

,********* ,,,,,,,,,*
,*******,* ,* *,* ,* *,*
###**************** ,* *,*
#..,,,,,,,,,,,,,,,, ,* *,*
#.#*******,***,**** ,* *,*
#.########,***,,*** ,* *,*
#.so......,,,,,,,,, ,* *,*
#..#######,,,,≈≈,,, ,* *,*
#........,,,,≈≈≈,,, ,* *,*
#..#.....,,,,≈≈≈≈,, ,* *,*
#<.#.####*,,≈≈≈≈≈≈* ,* *,*
#..#,# *,≈≈≈≈≈≈≈≈ ,* *,*
#..#.# *,≈≈≈≈≈≈≈≈ ,*
***.######..#.####*,≈≈≈≈≈≈≈≈
,*
*,,...............,,,≈≈≈≈≈≈,


You could see an orc.

Vanquished Creatures
  A crimson imp (D:4)
  A centaur zombie (D:4)
  A worker ant (D:4)
  A hound skeleton (D:4)
  2 adders (D:3)
  An ooze (D:1)
  A worm (D:3)
  2 orcs (D:3)
  A giant cockroach (D:4)
  A goblin (D:2)
  5 hobgoblins
  6 jackals (D:2)
  5 bats (D:1)
  2 frilled lizards
  6 kobolds
36 creatures vanquished.

Notes
Turn   | Place    | Note
-------+----------+-------------------------------------------
     0 | D:1      | letownia2 the Merfolk Transmuter began the quest for the Orb.
     0 | D:1      | Reached XP level 1. HP: 15/15 MP: 3/3
   165 | D:1      | Reached XP level 2. HP: 14/21 MP: 3/5
   173 | D:1      | Learned a level 2 spell: Sticks to Snakes
   357 | D:2      | Reached XP level 3. HP: 10/26 MP: 4/6
   362 | D:2      | Learned a level 3 spell: Spider Form
   372 | D:2      | Found a stormy altar of Qazlal.
   472 | D:3      | Reached skill level 1 in Poison Magic
   499 | D:3      | Reached skill level 3 in Transmutations
   664 | D:3      | Reached XP level 4. HP: 30/32 MP: 3/7
   751 | D:4      | Reached skill level 4 in Transmutations
   770 | D:5      | Entered Level 5 of the Dungeon
   834 | D:4      | Reached skill level 5 in Transmutations
   834 | D:4      | Reached XP level 5. HP: 22/37 MP: 4/8
  1010 | D:4      | Slain by an orc

Skill      XL: |  1  2  3  4 |
---------------+-------------+-----
Unarmed Combat | 4 |  4.6
Poison Magic   | 1 |  1.5
Transmutations | 3 5 |  5.7
Fighting       | |  1.1
Dodging        | |  2.6
Spellcasting   | |  2.0

Action                   |  1- 3 |  4- 6 || total
-------------------------+-------+-------++-------
Melee: Unarmed           |   100 |    33 ||   133
       Headbutt          |     4 |       ||     4
 Cast: Beastly Appendage |    12 |       ||    12
       Spider Form       |     5 |     6 ||    11
Evoke: Wand              |       |     1 ||     1
  Use: Scroll            |       |     1 ||     1
 Stab: Sleeping          |     1 |       ||     1
  Eat: Chunk             |       |     1 ||     1
Armor: Leather armour    |    20 |     4 ||    24
Dodge: Dodged            |    61 |    21 ||    82
